 Dungeon Crawl Stone Soup version 0.21-a0-633-g4c047d5 (webtiles) character file.

559831 shenanigans the Scorcher (level 26, 0/208 HPs)
             Began as a Barachi Skald on Dec 28, 2017.
             Was the Champion of Makhleb.
             Slain by a sixfirhy (4 damage)
             ... summoned by a deep elf demonologist
             ... on level 5 of the Vaults.
             The game lasted 05:24:54 (68044 turns).

shenanigans the Scorcher (Barachi Skald)           Turns: 68044, Time: 05:24:55

Health: 0/208      AC: 23    Str: 16    XL:     26   Next: 60%
Magic:  0/46       EV: 19    Int: 28    God:    Makhleb [******]
Gold:   6153       SH: 30    Dex: 14    Spells: 52/63 levels left

rFire    . . .     SeeInvis +   a - +9 broad axe (vamp)
rCold    + + .     Gourm    .   q - +2 large shield
rNeg     + . .     Faith    .   I - +4 moon troll leather armour {Spirit, Regen++ MP+5}
rPois    +         Spirit   +   x - +2 hat {SInv}
rElec    +         Reflect  +   K - +1 cloak
rCorr    .         Harm     .   z - +2 pair of gloves {Str+3}
MR       +....                  A - +0 pair of boots {run}
Stlth    ..........             M - brooch of Shielding {Reflect SH+8}
HPRegen  1.24/turn              V - ring "Fatu" {rElec rPois Stlth-}
MPRegen  0.30/turn              S - ring "Nolaho" {rPois rN+ Int+5}

@: constricted, drained
A: +LOS, swims, beak, yellow scales 1, see invisible, cold resistance 2, low mp
1, slowness 1, subdued magic 1, strong legs 2
}: 3/15 runes: serpentine, barnacled, slimy
a: Hop, Minor Destruction, Lesser Servant of Makhleb, Major Destruction, Greater
Servant of Makhleb, Renounce Religion


You were on level 5 of the Vaults.
You worshipped Makhleb.
Makhleb was exalted by your worship.
You were very hungry.

You visited 10 branches of the dungeon, and saw 50 of its levels.
You visited the Abyss 4 times.
You visited 1 bazaar.

You collected 6687 gold pieces.
You spent 534 gold pieces at shops.

Inventory:

Hand Weapons
 a - a +9 vampiric broad axe (weapon)
 b - a +2 war axe of flaming
 c - a +1 antimagic war axe
Missiles
 t - 14 steel javelins (quivered)
Armour
 e - the +4 scale mail of Dice, Bag, and Bottle {rElec}
   (You found it on level 3 of the Depths)

   It insulates you from electricity.
 g - the +1 pair of boots "Gopazups" {rC+}
   (You found it on level 6 of the Dungeon)

   It protects you from cold.
 p - the +2 chain mail of Democracy {rF+ MP+9 Str+8 Dex-2}
   (You found it on level 5 of the Pits of Slime)

   It affects your strength (+8).
   It affects your dexterity (-2).
   It protects you from fire.
   It affects your magic capacity (+9).
 q - a +2 large shield (worn)
 x - a +2 hat of see invisible (worn)
 z - a +2 pair of gloves of strength (worn)
 A - a +0 pair of boots of running (worn)
 H - a +2 pair of boots
 I - the +4 moon troll leather armour (worn) {Spirit, Regen++ MP+5}
   (You found it on level 2 of the Lair of Beasts)

   It affects your magic capacity (+5).
   It increases your rate of regeneration.
 K - a +1 cloak (worn)
 Y - a scarf of resistance
Jewellery
 m - a +3 ring of evasion
 r - an uncursed ring of protection from magic
 F - an uncursed amulet of regeneration
 J - an uncursed ring of protection from fire
 L - the ring of the Enemy {rF+ MP+9 Str+4}
   (You found it on level 5 of the Pits of Slime)

   [ring of magical power]

   It affects your strength (+4).
   It protects you from fire.
   It affects your magic capacity (+9).
 M - the brooch of Shielding (around neck) {Reflect SH+8}
   (You found it on level 4 of the Vaults)

   [amulet of reflection]

   It shields you and reflects attacks.
   It affects your SH (+8).
 N - the ring of Ompiu {Str+3 SInv}
   (You found it on level 3 of the Depths)

   [ring of see invisible]

   It affects your strength (+3).
   It lets you see invisible.
 S - the ring "Nolaho" (right hand) {rPois rN+ Int+5}
   (You found it on level 12 of the Dungeon)

   [ring of positive energy]

   It affects your intelligence (+5).
   It protects you from poison.
   It protects you from negative energy.
 V - the ring "Fatu" (left hand) {rElec rPois Stlth-}
   (You took it off a deep elf sorcerer on level 3 of the Elven Halls)

   [ring of loudness]

   It insulates you from electricity.
   It protects you from poison.
   It makes you less stealthy.
Wands
 j - a wand of acid (3)
 E - a wand of paralysis (57)
 G - a wand of clouds (4)
Scrolls
 f - 10 scrolls of enchant weapon
 h - a scroll of holy word
 i - 23 scrolls of identify
 k - 4 scrolls of fog
 o - 8 scrolls of teleportation
 s - 4 scrolls of amnesia
 u - 7 scrolls of blinking
 w - 6 scrolls of enchant armour
 y - a scroll of acquirement
 R - 23 scrolls of remove curse
 X - 6 scrolls of fear
 Z - a scroll of silence
Potions
 l - 3 potions of cancellation
 n - a potion of agility
 v - 3 potions of magic
 B - 9 potions of heal wounds
 C - 15 potions of curing
 D - 6 potions of brilliance
 O - 2 potions of berserk rage
 P - 8 potions of flight
 Q - a potion of haste
 T - 2 potions of ambrosia
 U - a potion of resistance
 W - a potion of mutation
Comestibles
 d - 62 rations


   Skills:
 - Level 17.3(16.9) Fighting
 - Level 17.3(17.0) Axes
 - Level 17.3(16.9) Armour
 - Level 18.1(17.7) Dodging
 - Level 18.1(17.7) Shields
 * Level 19.2(18.9) Spellcasting
 - Level 3.2(3.0) Charms
 * Level 20.5(20.2) Fire Magic
 - Level 12.5(12.2) Invocations


You had 52 spell levels left.
You knew the following spells:

 Your Spells              Type           Power        Failure   Level  Hunger
a - Infusion              Chrm           ####         1%          1    None
b - Ignition              Fire           #######...   6%          8    ######.
c - Song of Slaying       Chrm           ####....     1%          2    None


Dungeon Overview and Level Annotations

Branches:
Dungeon (15/15)            Temple (1/1) D:5            Lair (6/6) D:8
 Shoals (4/4) Lair:4        Snake (4/4) Lair:3        Slime (5/5) Lair:5
    Orc (2/2) D:12            Elf (3/3) Orc:2        Vaults (5/5) D:14
  Crypt (0/3) Vaults:3     Depths (5/5) D:15            Zot (0/5) Depths:5

Altars:
Ashenzari
Cheibriados
Dithmenos
Elyvilon
Fedhas
Gozag
Hepliaklqana
Kikubaaqudgha
Makhleb
Nemelex Xobeh
Okawaru
Qazlal
Ru
Sif Muna
Trog
Uskayaw
Vehumet
Wu Jian
Xom
Yredelemnul
Zin
The Shining One

Shops:
D:4 [   D:5 *   D:6 [   D:9 !   Orc:2 !}[%:   Elf:2 [   Vaults:3 }   Vaults:4 ?

Portals:
Hell: Depths:1 Depths:2 Depths:3 Depths:4 Depths:5
Abyss: Depths:4 Depths:5
Pandemonium: Depths:1 Depths:2 Depths:3
Ziggurat: Depths:4
Trove: Vaults:1 (give 2 scrolls of acquirement)

Annotations:
D:3 zazu2006's ghost, amateur VSEn
D:7 Vinniefish's ghost, novice GnWn
D:9 Maurice


Innate Abilities, Weirdness & Mutations

Shadows flee at your approach. (+LOS)
You can swim through water.
You cover ground slowly.
You can hop long distances.
You have a beak for a mouth.
You are partially covered in yellow scales. (AC +2)
You have supernaturally acute eyesight. (SInv)
Your flesh is very cold resistant. (rC++)
Your magical capacity is low. (-10% MP)
Your spells are a little easier to cast, but a little less powerful.


Message History

* * * LOW HITPOINT WARNING * * *
The tentacled monstrosity constricts you.
The deep elf demonologist mumbles some strange words.
A deep elf high priest comes into view.
It is wielding a scimitar of electrocution.
The deep elf high priest shouts!
A deep elf knight and an ancient lich come into view.
Unknown command.
Unknown command.
Hop to where?
Press: ? - help, Dir - move target cursor The tentacled monstrosity's grasp on you weakens, but your attempt to escape fails.
You block the sixfirhy's attack. x2
The sixfirhy hits you but does no damage.
The phantasmal warrior blinks!
The war gargoyle hits you with a morningstar!!
* * * LOW HITPOINT WARNING * * *
The sixfirhy hits you.
* * * LOW HITPOINT WARNING * * *
The sixfirhy shocks you. You resist.
You die...

.(.#....# .....'
[h#...)#......[
#C#....#....... .#
##.#....#.......
L)##....[[.#ee.....
..e.C.e§.[[.)1...
#####..[).W)4.######
......[DD3x)[[......
.....[Dp@8D<[.......
.......9XCx[$[......
.......CC)[((.......
######e.[[[().######
.C[D..[..)).
...)#....#....
##..(#....#.....
##..#....#.[...
#..#....###..#.


You could see a shadow dragon, a tentacled monstrosity, an ironheart preserver,
2 titans, 2 golden dragons, an ancient lich, a storm dragon, a Tzitzimitl, 2
fire giants, a quicksilver dragon, a stone giant, a deep elf death mage, an
ettin, a crystal guardian, a deep elf demonologist, a war gargoyle, an orange
demon, a deep elf knight, 2 deep elf high priests, a phantasmal warrior, a
sixfirhy, a warg and 2 crawling corpses.

Vanquished Creatures
  Mara (Depths:3)
  Sojobo (Depths:4)
  Frederick (Vaults:2)
  Xtahua (Depths:4)
  Saint Roka (Orc:2)
  A caustic shrike (Depths:3)
  2 golden dragons
  2 bone dragons
  Nikola (Shoals:3)
  Jory (Depths:4)
  6 tentacled monstrosities
  3 liches
  7 titans
  A deep elf master archer (Elf:3)
  2 deep elf blademasters (Elf:3)
  22 acid blobs
  6 sphinxes
  5 tentacled starspawn (Abyss:3)
  8 shadow dragons
  7 tengu reavers
  3 storm dragons
  3 nagarajas (Snake:4)
  Ilsuiw (Shoals:4)
  5 frost giants
  7 azure jellies
  9 fire giants
  A draconian scorcher (Depths:5)
  14 vault wardens
  An iron dragon (Vaults:4)
  3 deep elf sorcerers
  8 deep elf elementalists
  A cacodemon (Abyss:3)
  14 ironheart preservers
  14 very ugly things
  A spriggan defender (Depths:4)
  A draconian stormcaller (Depths:5)
  20 stone giants
  4 vampire knights
  2 entropy weavers
  2 war gargoyles
  A black draconian (Depths:5)
  Azrael (D:11)
  5 deep elf demonologists
  5 deep elf annihilators
  The ghost of Angani the Devout, a journeyman DrFE of Zin (Lair:5)
  A yellow draconian (Depths:5)
  5 spark wasps
  4 merfolk javelineers
  A purple draconian (Depths:5)
  12 deep elf death magi
  9 ettins
  8 deep elf high priests
  6 merfolk impalers (Shoals:4)
  A green death (Abyss:3)
  Josephine (D:14)
  2 death oozes (Slime:5)
  7 fire dragons
  The ghost of Glaeka the Basher, a journeyman MiBe of Trog (D:14)
  12 yaktaur captains
  15 great orbs of eyes
  32 vault guards
  4 rakshasas
  5 jiangshi
  2 hydras
  5 spriggan air magi
  Fannar (D:10)
  11 naga warriors
  3 merfolk avatars
  8 anacondas
  16 ogre magi
  4 catoblepae
  12 ice dragons
  An alligator snapping turtle (Shoals:4)
  A death knight (Vaults:5)
  An anaconda (shapeshifter) (Depths:1)
  38 two-headed ogres
  8 deep troll shamans
  4 merfolk aquamancers (Shoals:4)
  2 deep troll earth magi
  7 centaur warriors
  4 tengu warriors
  27 dancing weapons
  A satyr (Shoals:2)
  6 thrashing horrors (Abyss:3)
  Urug (D:10)
  4 vampire magi
  3 orc high priests
  8 naga sharpshooters
  4 spriggan berserkers
  3 shock serpents
  8 hell knights (Depths:4)
  A soul eater (Abyss:3)
  5 wretched stars (Abyss:3)
  21 deep elf knights
  3 iron trolls
  9 skeletal warriors
  A fire crab (shapeshifter) (Vaults:4)
  3 spatial maelstroms (Abyss:3)
  2 shadow wraiths
  A sixfirhy (Abyss:3)
  12 sea snakes
  3 glowing orange brains
  4 unseen horrors
  A wizard (D:12)
  23 deep trolls
  11 naga ritualists
  3 spriggan druids (Depths:4)
  15 deep elf archers
  2 flayed ghosts
  3 phantasmal warriors
  6 harpies
  13 orc knights
  9 mana vipers
  A necromancer (Vaults:2)
  16 ironbrand convokers
  29 ugly things
  An orb spider (shapeshifter) (Vaults:2)
  5 wolf spiders
  A manticore (shapeshifter) (Depths:3)
  10 orc sorcerers
  9 fauns
  64 deep elf magi
  6 shining eyes
  A harpy (shapeshifter) (Depths:1)
  19 manticores
  A worldbinder (Abyss:3)
  13 cyclopes
  3 centaur zombies
  7 salamanders
  11 merfolk sirens
  4 eyes of devastation
  5 guardian serpents
  2 rust devils
  An elephant (shapeshifter) (Vaults:5)
  10 vault sentinels
  2 smoke demons (Abyss:3)
  3 apocalypse crabs (Abyss:3)
  22 naga magi
  2 black mambas (shapeshifter)
  A molten gargoyle (D:14)
  A gargoyle (D:15)
  A torpor snail (shapeshifter) (Vaults:4)
  Joseph (Lair:1)
  5 water nymphs
  An eye of devastation (shapeshifter) (Vaults:5)
  34 black mambas
  23 spiny frogs
  2 orange demons (Abyss:3)
  2 kobold demonologists
  A rime drake (Lair:4)
  A rime drake (shapeshifter) (D:12)
  7 komodo dragons
  7 freezing wraiths
  2 efreet
  34 yaktaurs
  3 ancient zymes (Abyss:3)
  A tengu conjurer (Depths:4)
  2 queen bees
  8 hornets
  17 merfolk
  A wind drake (Shoals:4)
  4 tyrant leeches (Lair:6)
  92 slime creatures
  12 trolls
  31 blink frogs
  10 snapping turtles
  8 hippogriffs
  A meliai zombie (D:13)
  2 dream sheep (Shoals:1)
  2 tarantellas (shapeshifter)
  3 shadows
  A vampire (Abyss:3)
  A redback (Vaults:1)
  25 yaks
  13 air elementals
  9 large abominations (Abyss:3)
  9 fire elementals
  18 spriggans
  26 water elementals
  7 wraiths
  4 wyverns
  2 ynoxinuls (Abyss:3)
  2 fire bats (Abyss:3)
  A fire bat (shapeshifter) (Vaults:1)
  A hog (shapeshifter) (Vaults:2)
  3 chaos spawn (Abyss:3)
  3 hungry ghosts
  8 golden eyes
  5 basilisks
  11 vampire mosquitoes
  2 neqoxecs (Abyss:3)
  2 human simulacra
  44 nagas
  An insubstantial wisp (Abyss:3)
  A soldier ant (D:15)
  An acid dragon (D:8)
  Duvessa (D:4)
  8 wargs
  10 water moccasins
  A floating eye (Depths:3)
  12 porcupines
  3 ice beasts
  A phantom (D:4)
  43 orc warriors
  4 sky beasts
  2 black bears
  3 eyes of draining
  2 necrophages
  34 ogres
  12 wolves
  9 boggarts
  14 centaurs
  12 crocodiles
  4 big kobolds
  23 bullfrogs
  A wyvern zombie (D:14)
  12 small abominations
  Dowan (D:4)
  A wyvern skeleton (D:15)
  2 scorpions
  29 killer bees
  10 wights
  5 howler monkeys
  An electric eel (Lair:6)
  2 lava snakes (D:14)
  7 crimson imps
  4 jellies
  5 hounds
  21 orc priests
  4 centaur skeletons
  35 orc wizards
  5 bullfrog skeletons
  An iron imp (Abyss:3)
  2 iguanas (D:14)
  6 worker ants
  A bullfrog simulacrum (D:12)
  2 worker ant zombies
  3 gnolls (D:5)
  4 adders
  9 shadow imps
  2 white imps (Abyss:3)
  An ufetubus (Abyss:3)
  An adder zombie (D:8)
  4 worms
  2 dart slugs (D:1)
  10 leopard geckos
  107 orcs
  2 bats
  A giant cockroach (D:7)
  8 goblins
  8 hobgoblins
  7 jackals
  A jackal (shapeshifter) (Depths:3)
  20 kobolds
  2 quokkas
  3 frilled lizards
  A leopard gecko skeleton (D:4)
  6 rats
  4 crawling corpses
  2 plants (Depths:5)
  3 starspawn tentacles (Abyss:3)
2010 creatures vanquished.

Vanquished Creatures (collateral kills)
  the Royal Jelly (Slime:5)
  A juggernaut (Depths:5)
  A lich (Depths:5)
  Jorgrun (Snake:3)
  5 acid blobs (Slime:5)
  A sphinx (Vaults:4)
  An azure jelly (Slime:5)
  A nagaraja (Snake:4)
  A frost giant (Depths:5)
  2 deep elf sorcerers (Elf:3)
  2 vault wardens (Vaults:4)
  2 deep elf elementalists (Elf:3)
  A very ugly thing (Depths:5)
  A stone giant (Vaults:4)
  2 deep elf annihilators
  An ettin (Depths:5)
  A merfolk javelineer (Shoals:4)
  3 death oozes (Slime:5)
  A deep elf high priest (Elf:3)
  4 merfolk impalers
  4 naga warriors
  A merfolk avatar (Shoals:4)
  A rakshasa (Vaults:1)
  A death knight (Vaults:4)
  2 two-headed ogres
  4 merfolk aquamancers (Shoals:4)
  An alligator snapping turtle (Shoals:4)
  A shock serpent (Snake:4)
  A hell knight (Vaults:4)
  A deep elf knight (Vaults:1)
  A deep troll (Vaults:4)
  A naga ritualist (Snake:4)
  A deep elf archer (Elf:2)
  2 ironbrand convokers
  4 orc knights
  3 deep elf magi
  6 ugly things
  2 cyclopes (Shoals:3)
  4 fauns
  A naga mage (Snake:4)
  A black mamba (shapeshifter) (Abyss:3)
  A merfolk siren (Shoals:2)
  2 vault sentinels
  2 centaur zombies
  2 yaktaurs
  3 kobold demonologists
  2 merfolk
  A hippogriff (D:14)
  A dream sheep (Shoals:1)
  2 snapping turtles
  2 wraiths (D:14)
  13 nagas
  An orc warrior (Vaults:4)
  A hell hound (D:11)
  2 ogres (Vaults:4)
  2 centaurs (D:14)
  A big kobold (D:14)
  An orc wizard (Vaults:1)
  2 orcs (Vaults:1)
  3 plants
120 creatures vanquished.

Vanquished Creatures (others)
  An eldritch tentacle (Abyss:3)
  A nagaraja (Snake:4)
  A fire giant (Depths:3)
  An ironheart preserver (Vaults:4)
  A stone giant (Depths:3)
  Nessos (Lair:4)
  2 merfolk javelineers (Shoals:4)
  2 fire dragons (Depths:4)
  2 centaur warriors
  A naga warrior (Snake:4)
  A merfolk aquamancer (Shoals:3)
  A satyr (Shoals:4)
  Sonja (Lair:2)
  3 naga sharpshooters
  A deep elf knight (Elf:3)
  A sea snake (Shoals:4)
  3 deep elf magi
  3 deep elf archers
  A salamander (Snake:4)
  6 cyclopes
  A naga mage (Snake:4)
  8 yaktaurs
  2 spriggans (Depths:4)
  An air elemental (Depths:4)
  A wraith (Vaults:1)
  A spatial vortex (Abyss:3)
  2 nagas
  A small abomination (Abyss:3)
  2 boggarts (Depths:2)
  5 centaurs
  A ball lightning (Shoals:4)
  An orc (Orc:2)
  4 kobolds
  10 fungi
  63 plants
  16 starspawn tentacles (Abyss:3)
153 creatures vanquished.

Grand Total: 2283 creatures vanquished

Notes
Turn   | Place    | Note
-------+----------+-------------------------------------------
     0 | D:1      | shenanigans the Barachi Skald began the quest for the Orb.
     0 | D:1      | Reached XP level 1. HP: 17/17 MP: 3/3
   234 | D:1      | Reached XP level 2. HP: 18/23 MP: 5/5
   973 | D:1      | Reached XP level 3. HP: 9/28 MP: 6/6
  1611 | D:2      | Reached skill level 1 in Shields
  2148 | D:2      | Reached XP level 4. HP: 5/35 MP: 7/7
  2161 | D:2      | HP: 1/35 [orc (3)]
  3453 | D:3      | Reached XP level 5. HP: 36/41 MP: 8/8
  3472 | D:3      | Noticed zazu2006's ghost (amateur VSEn)
  5087 | D:3      | You fall through a shaft!
  5115 | D:4      | Found Gukkycw's Antique Armour Emporium.
  5340 | D:4      | Reached XP level 6. HP: 44/48 MP: 9/9
  5586 | D:4      | Noticed a phantom
  5850 | D:4      | Noticed Duvessa
  5850 | D:4      | Noticed Dowan
  5869 | D:4      | Killed Duvessa
  5869 | D:4      | Reached XP level 7. HP: 28/54 MP: 10/10
  5878 | D:4      | Killed Dowan
  6868 | D:4      | Got a polished long sword
  6869 | D:4      | Identified the cursed +2 long sword "Kiunk" {slice, Int+2} (You found it on level 4 of the Dungeon)
  6904 | D:5      | Entered Level 5 of the Dungeon
  7012 | D:5      | Found Qoip's General Store.
  7149 | D:5      | Reached skill level 5 in Shields
  7192 | D:5      | Reached XP level 8. HP: 57/61 MP: 11/11
  7265 | D:5      | Found a staircase to the Ecumenical Temple.
  7303 | Temple   | Entered the Ecumenical Temple
  7456 | Temple   | Became a worshipper of Makhleb the Destroyer
  7597 | D:5      | Reached skill level 5 in Fighting
  8062 | D:6      | Found Durib's Armour Boutique.
  8074 | D:6      | Bought a +0 large shield for 58 gold pieces
  8150 | D:6      | Reached skill level 1 in Invocations
  8603 | D:6      | Got a pair of polished boots
  8609 | D:6      | Identified the +1 pair of boots "Gopazups" {rC+} (You found it on level 6 of the Dungeon)
  8674 | D:6      | Reached skill level 5 in Axes
  8905 | D:5      | Reached skill level 5 in Dodging
  9228 | D:6      | Reached skill level 5 in Armour
  9776 | D:7      | Noticed Vinniefish's ghost (novice GnWn)
 10386 | D:6      | Reached XP level 9. HP: 49/69 MP: 12/12
 10733 | D:7      | Found a bloodstained altar of Trog.
 13273 | D:8      | Found a staircase to the Lair.
 13300 | D:8      | Reached XP level 10. HP: 62/79 MP: 4/13
 13753 | D:9      | Reached * piety under Makhleb
 13901 | D:9      | Found Doezairr's Distillery.
 14810 | D:9      | Reached skill level 5 in Invocations
 15042 | D:9      | Noticed Maurice
 15252 | D:10     | Entered Level 10 of the Dungeon
 15252 | D:10     | Noticed a deep elf mage
 15260 | D:10     | Killed a deep elf mage
 15343 | D:10     | Noticed Urug
 15378 | D:10     | Killed Urug
 15417 | D:10     | Noticed a two-headed ogre
 15804 | D:10     | Noticed a two-headed ogre
 15880 | D:9      | Reached XP level 11. HP: 86/86 MP: 15/15
 15900 | D:10     | Noticed a two-headed ogre
 15913 | D:10     | Killed a two-headed ogre
 15926 | D:10     | Killed a two-headed ogre
 16045 | D:10     | Killed a two-headed ogre
 16607 | D:10     | Noticed Fannar
 16704 | D:10     | HP: 3/87 [Fannar/Ozocubu's Refrigeration (9)]
 16711 | D:10     | Killed Fannar
 17463 | D:11     | Noticed a tengu warrior
 17498 | D:11     | Killed a tengu warrior
 17849 | D:11     | Noticed a brown ugly thing
 17888 | D:11     | Killed a brown ugly thing
 18152 | D:11     | Noticed a white ugly thing
 18190 | D:11     | HP: 4/89 [orc warrior/dire flail of crushing (8)]
 18190 | D:11     | HP: 1/89 [orc warrior/dire flail of crushing (3)]
 18788 | D:11     | Reached ** piety under Makhleb
 19063 | D:10     | Noticed a two-headed ogre
 19077 | D:10     | Killed a two-headed ogre
 19560 | D:9      | Reached XP level 12. HP: 96/96 MP: 16/16
 19764 | Lair:1   | Entered Level 1 of the Lair of Beasts
 19764 | Lair:1   | Noticed Joseph
 20221 | Lair:1   | Killed Joseph
 20718 | Lair:1   | Noticed an eight-headed hydra
 20847 | Lair:2   | Learned a level 8 spell: Ignition
 20907 | Lair:2   | Noticed Sonja
 20923 | Lair:2   | Killed Sonja
 21332 | Lair:1   | Killed an eight-headed hydra
 21332 | Lair:1   | Reached skill level 10 in Fighting
 21550 | Lair:1   | Reached skill level 10 in Armour
 22812 | Lair:2   | Found the +4 moon troll leather armour {Spirit, Regen++ MP+5}
 23863 | Lair:3   | Reached skill level 10 in Shields
 23893 | Lair:3   | Found a staircase to the Snake Pit.
 24927 | Lair:4   | Reached skill level 10 in Axes
 24927 | Lair:4   | Gained mutation: You can hop long distances. [Barachi growth]
 24927 | Lair:4   | Reached XP level 13. HP: 96/104 MP: 18/18
 24956 | Lair:4   | Reached skill level 10 in Dodging
 25169 | Lair:4   | Reached *** piety under Makhleb
 25226 | Lair:4   | Noticed Nessos
 25230 | Lair:4   | Killed Nessos
 25431 | Lair:4   | Found a staircase to the Shoals.
 25985 | Lair:5   | Found a staircase to the Slime Pits.
 26203 | Lair:5   | Noticed Angani's ghost (journeyman DrFE)
 26611 | Lair:5   | Killed Angani's ghost
 26646 | Lair:6   | Entered Level 6 of the Lair of Beasts
 27039 | Lair:6   | Reached **** piety under Makhleb
 27056 | Lair:6   | Learned a level 2 spell: Song of Slaying
 27493 | Lair:5   | Reached XP level 14. HP: 76/114 MP: 16/19
 28262 | D:12     | Noticed Azrael
 28542 | D:11     | Killed Azrael
 28633 | D:12     | Found a staircase to the Orcish Mines.
 28662 | Orc:1    | Entered Level 1 of the Orcish Mines
 28962 | Orc:1    | Reached ***** piety under Makhleb
 29413 | Orc:2    | Entered Level 2 of the Orcish Mines
 29424 | Orc:2    | Found Quryu's Distillery.
 29459 | Orc:2    | Bought a potion of heal wounds for 75 gold pieces
 29462 | Orc:2    | Identified a scroll of acquirement
 29531 | Orc:2    | Noticed Saint Roka
 29588 | Orc:2    | Killed Saint Roka
 29680 | Orc:2    | Found a staircase to the Elven Halls.
 30667 | Orc:2    | Paralysed by an orc sorcerer for 4 turns
 31048 | Orc:2    | Paralysed by an orc sorcerer for 2 turns
 31305 | Orc:2    | Found Lupnar's Book Boutique.
 31305 | Orc:2    | Found Helivuso's Gadget Boutique.
 31307 | Orc:2    | Found Suseor's Food Emporium.
 31307 | Orc:2    | Found Jywkorar's Armour Emporium.
 31342 | Orc:2    | Bought a +1 helmet of see invisible for 297 gold pieces
 31713 | D:12     | Reached XP level 15. HP: 123/123 MP: 20/20
 31886 | D:12     | Found the +7 great mace "Undeadhunter" {disrupt, rN+}
 31886 | D:12     | Got a scorched platinum ring
 32202 | D:12     | Identified the ring "Nolaho" {rPois rN+ Int+5} (You found it on level 12 of the Dungeon)
 33274 | D:14     | Reached ****** piety under Makhleb
 33351 | D:14     | Noticed Glaeka's ghost (journeyman MiBe)
 33454 | D:14     | Killed Glaeka's ghost
 33784 | D:14     | Noticed Josephine
 33814 | D:15     | Entered Level 15 of the Dungeon
 33851 | D:14     | Killed Josephine
 34000 | D:14     | Found a gate to the Vaults.
 34215 | D:15     | Found a labyrinth entrance.
 34581 | D:15     | Reached XP level 16. HP: 132/132 MP: 23/23
 34823 | D:15     | Found a staircase to the Depths.
 35186 | Snake:1  | Entered Level 1 of the Snake Pit
 35490 | Snake:1  | Reached skill level 10 in Invocations
 36404 | Snake:2  | You fall through a shaft!
 37014 | Snake:3  | Reached XP level 17. HP: 137/140 MP: 23/24
 37575 | Snake:4  | Entered Level 4 of the Snake Pit
 37758 | Snake:4  | Got a smoking plate armour
 37759 | Snake:4  | Identified the cursed +0 plate armour of the Evening Star {rF+ rC- rN+ Int+4} (You found it on level 4 of the Snake Pit)
 37977 | Snake:4  | Noticed Jorgrun
 37994 | Snake:3  | Killed Jorgrun
 38183 | Snake:4  | Reached skill level 15 in Fighting
 38541 | Snake:4  | Reached skill level 15 in Armour
 38711 | Snake:4  | Got a serpentine rune of Zot
 38930 | Snake:4  | Got a crystal falchion {slice}
 38931 | Snake:4  | Identified the +4 falchion "Beastslayer" {slice, Dex+3} (You took it off a naga ritualist on level 4 of the Snake Pit)
 39127 | Shoals:1 | Entered Level 1 of the Shoals
 40577 | Shoals:2 | Reached XP level 18. HP: 149/149 MP: 26/26
 40789 | Shoals:3 | Reached skill level 1 in Fire Magic
 40965 | Shoals:3 | Noticed Nikola
 40995 | Shoals:3 | Killed Nikola
 41208 | Shoals:3 | Reached skill level 2 in Fire Magic
 41505 | Shoals:4 | Entered Level 4 of the Shoals
 41632 | Shoals:4 | Noticed Ilsuiw
 41669 | Shoals:4 | Killed Ilsuiw
 41673 | Shoals:4 | Reached skill level 15 in Shields
 42101 | Shoals:4 | Reached skill level 15 in Dodging
 42105 | Shoals:4 | Got a barnacled rune of Zot
 42338 | Shoals:4 | Reached skill level 15 in Axes
 42338 | Shoals:4 | Reached skill level 3 in Fire Magic
 43136 | Vaults:1 | Entered Level 1 of the Vaults
 43147 | Vaults:1 | Reached XP level 19. HP: 157/157 MP: 27/27
 43858 | Vaults:1 | Found a portal to a secret trove of treasure.
 44429 | Vaults:2 | Reached skill level 4 in Fire Magic
 44769 | Vaults:2 | Noticed Frederick
 44823 | Vaults:2 | Killed Frederick
 44942 | Vaults:2 | Reached skill level 5 in Spellcasting
 45920 | Vaults:3 | Reached skill level 5 in Fire Magic
 45987 | Vaults:3 | Reached XP level 20. HP: 167/167 MP: 21/28
 46043 | Vaults:3 | Found a staircase to the Crypt.
 46309 | Vaults:3 | Found Opruorog's Gadget Shop.
 46708 | Vaults:3 | Got an ichor-stained plate armour
 46797 | Vaults:3 | Reached skill level 6 in Fire Magic
 47200 | Vaults:4 | Found the brooch of Shielding {Reflect SH+8}
 47234 | Vaults:4 | Identified the +2 plate armour "Leevamof" {rPois Int+7 Dex-3} (You found it on level 3 of the Vaults)
 47442 | Vaults:4 | Noticed a Brimstone Fiend
 47524 | Vaults:3 | Cast into level 3 of the Abyss (a deep elf demonologist)
 47525 | Abyss:3  | Found a corrupted altar of Lugonu.
 47558 | Vaults:3 | Escaped the Abyss
 47571 | Vaults:4 | Found Yfoul's Magic Scroll Shop.
 47834 | Vaults:4 | Paralysed by a great orb of eyes for 6 turns
 47872 | Vaults:4 | Paralysed by a sphinx for 6 turns
 48040 | Vaults:4 | Reached skill level 7 in Fire Magic
 48237 | Vaults:4 | Found the +7 longbow "Piercer" {penet, EV-2}
 48239 | Vaults:4 | Found the +12 glaive of Prune {chop}
 48574 | Vaults:4 | Reached XP level 21. HP: 174/174 MP: 31/31
 48894 | Vaults:4 | Reached skill level 8 in Fire Magic
 49576 | Elf:1    | Entered Level 1 of the Elven Halls
 50267 | Elf:1    | Reached skill level 9 in Fire Magic
 50354 | Elf:2    | Found a huge runed gate.
 50354 | Elf:2    | Found a huge runed gate.
 50354 | Elf:2    | Found a huge runed gate.
 50355 | Elf:2    | Found a huge runed gate.
 50361 | Elf:2    | Found a huge runed gate.
 50382 | Elf:2    | Cast into level 3 of the Abyss (a ghostly deep elf sorcerer)
 50386 | Abyss:3  | Found a runed door.
 50413 | Abyss:3  | Found a corrupted altar of Lugonu.
 50919 | Elf:2    | Escaped the Abyss
 51270 | Elf:2    | Found Sommatie's Armour Shoppe.
 51450 | Elf:2    | Reached XP level 22. HP: 182/182 MP: 35/35
 51520 | Elf:2    | Found a runed door.
 51912 | Elf:2    | Reached skill level 10 in Fire Magic
 52409 | Elf:3    | Entered Level 3 of the Elven Halls
 52772 | Elf:3    | Reached skill level 10 in Spellcasting
 53274 | Elf:3    | Cast into level 3 of the Abyss (a deep elf sorcerer)
 53705 | Abyss:3  | Reached skill level 11 in Fire Magic
 53717 | Elf:3    | Escaped the Abyss
 54047 | Elf:3    | Cast into level 3 of the Abyss (a deep elf demonologist)
 54518 | Elf:3    | Escaped the Abyss
 54522 | Elf:3    | Reached skill level 12 in Fire Magic
 54972 | Elf:3    | Reached XP level 23. HP: 171/188 MP: 25/38
 55075 | Elf:3    | Got a twitching lapis lazuli ring
 55125 | Elf:2    | Identified the ring "Fatu" {rElec rPois Stlth-} (You took it off a deep elf sorcerer on level 3 of the Elven Halls)
 55451 | Elf:3    | Got a polished plate armour
 55462 | Elf:3    | Identified the +4 plate armour of the Unbroken {MP-9 Str+7 Stlth+} (You took it off a deep elf high priest on level 3 of the Elven Halls)
 56533 | Slime:1  | Entered Level 1 of the Pits of Slime
 56553 | Slime:1  | Gained mutation: You expend magic power (3 MP) to strengthen your wands. [a shining eye]
 56789 | Slime:5  | Entered Level 5 of the Pits of Slime
 56812 | Slime:5  | Noticed the Royal Jelly
 57143 | Slime:3  | Gained mutation: You are frail. (-10% HP) [a shining eye]
 57204 | Slime:3  | Gained mutation: Your body sometimes deteriorates upon taking damage. [a shining eye]
 57207 | Slime:3  | Gained mutation: You are very frail. (-20% HP) [a shining eye]
 57308 | Slime:4  | Gained mutation: You are occasionally teleported next to monsters. [a shining eye]
 57326 | Slime:3  | Reached skill level 13 in Fire Magic
 59251 | Slime:4  | Lost mutation: You expend magic power (3 MP) to strengthen your wands. [potion of mutation]
 59251 | Slime:4  | Lost mutation: Your body sometimes deteriorates upon taking damage. [potion of mutation]
 59251 | Slime:4  | Gained mutation: Your mind is acute. (Int +2) [potion of mutation]
 59251 | Slime:4  | Gained mutation: You have a beak for a mouth. [potion of mutation]
 59251 | Slime:4  | Gained mutation: You are resistant to electric shocks. (rElec) [potion of mutation]
 59252 | Slime:4  | Lost mutation: Your mind is acute. (Int +2) [potion of mutation]
 59252 | Slime:4  | Lost mutation: You are very frail. (-20% HP) [potion of mutation]
 59252 | Slime:4  | Lost mutation: You are resistant to electric shocks. (rElec) [potion of mutation]
 59252 | Slime:4  | Gained mutation: You are partially covered in yellow scales. (AC +2) [potion of mutation]
 59252 | Slime:4  | Gained mutation: Your flesh is cold resistant. (rC+) [potion of mutation]
 59253 | Slime:4  | Lost mutation: You are frail. (-10% HP) [potion of mutation]
 59253 | Slime:4  | Gained mutation: You are robust. (+10% HP) [potion of mutation]
 59253 | Slime:4  | Gained mutation: Your flesh is very cold resistant. (rC++) [potion of mutation]
 59253 | Slime:4  | Lost mutation: You are occasionally teleported next to monsters. [potion of mutation]
 59253 | Slime:4  | Gained mutation: You have supernaturally acute eyesight. (SInv) [potion of mutation]
 59404 | Slime:5  | Killed the Royal Jelly
 59404 | Slime:5  | Reached skill level 14 in Fire Magic
 59428 | Slime:5  | Lost mutation: You are robust. (+10% HP) [a shining eye]
 59430 | Slime:5  | Gained mutation: Your spells are a little easier to cast, but a little less powerful. [a shining eye]
 59431 | Slime:5  | Gained mutation: Your magical capacity is low. (-10% MP) [a shining eye]
 59482 | Slime:5  | Got an ichor-stained scale mail
 59493 | Slime:5  | Identified the cursed +1 scale mail "Qyhoroura" {Int+2} (You found it on level 5 of the Pits of Slime)
 59521 | Slime:5  | Got a slimy rune of Zot
 59523 | Slime:5  | Got a bloodstained chain mail
 59655 | Slime:5  | Identified the Reference Book on the Icy Rocks
 59666 | Slime:5  | Got a brightly glowing glass ring
 59684 | Slime:5  | Identified the +2 chain mail of Democracy {rF+ MP+9 Str+8 Dex-2} (You found it on level 5 of the Pits of Slime)
 59712 | Slime:5  | Identified the ring of the Enemy {rF+ MP+9 Str+4} (You found it on level 5 of the Pits of Slime)
 60026 | D:5      | Bought a potion of mutation for 104 gold pieces
 60310 | Depths:1 | Entered Level 1 of the Depths
 60311 | Depths:1 | Found a one-way gate leading to the halls of Pandemonium.
 60492 | Depths:1 | Found a gateway to Hell.
 60524 | Depths:1 | Reached XP level 24. HP: 195/195 MP: 36/36
 60563 | Depths:1 | Upgraded the game from 0.21-a0-632-g1e37ce5 to 0.21-a0-633-g4c047d5
 60641 | Depths:1 | Found an iron altar of Okawaru.
 60732 | Depths:1 | Reached skill level 15 in Fire Magic
 61570 | Depths:2 | Paralysed by a vampire knight for 2 turns
 61665 | Depths:2 | Identified the Disquisition on Mutagenic Protection
 62050 | Depths:2 | Found a flickering gateway to a bazaar.
 62060 | Bazaar   | Entered a bazaar
 62064 | Bazaar   | Found Iniseh's Food Boutique.
 62083 | Bazaar   | Found Ziggip's Food Shoppe.
 62095 | Bazaar   | Found Viwydeet's Armour Emporium.
 62160 | Bazaar   | Found Tohein's Antique Weapon Shoppe.
 62200 | Bazaar   | Found Pyruh Xasov's Assorted Antiques.
 62487 | Depths:2 | Reached skill level 16 in Fire Magic
 62515 | Depths:2 | Reached skill level 15 in Spellcasting
 63217 | Depths:3 | Got a transparent scale mail
 63218 | Depths:3 | Identified the +4 scale mail of Dice, Bag, and Bottle {rElec} (You found it on level 3 of the Depths)
 63323 | Depths:3 | Noticed a caustic shrike
 63343 | Depths:3 | Killed a caustic shrike
 63374 | Depths:3 | Identified a +0 pair of boots of running (You found it on level 3 of the Depths)
 63413 | Depths:3 | Noticed a juggernaut
 63448 | Depths:3 | Found a runed door.
 63960 | Depths:3 | Reached skill level 17 in Fire Magic
 64131 | Depths:3 | Noticed Mara
 64158 | Depths:3 | Killed Mara
 64193 | Depths:3 | Reached XP level 25. HP: 201/201 MP: 38/38
 64470 | Depths:3 | Paralysed by a floating eye for 2 turns
 64500 | Depths:3 | Got a brightly glowing copper ring
 64501 | Depths:3 | Identified the ring of Orcha {Int+5 Stlth+} (You found it on level 3 of the Depths)
 64550 | Depths:3 | Found the +27 Lear's hauberk
 64557 | Depths:3 | Identified the Papyrus of the Venomous Arsonist
 64618 | Depths:3 | Got a crude copper ring
 64619 | Depths:3 | Identified the ring of Ompiu {Str+3 SInv} (You found it on level 3 of the Depths)
 64780 | Depths:4 | Noticed Jory
 64841 | Depths:4 | Found a gateway to a ziggurat.
 64872 | Depths:4 | Killed Jory
 65206 | Depths:4 | Noticed Sojobo
 65208 | Depths:4 | Reached skill level 18 in Fire Magic
 65257 | Depths:4 | Killed Sojobo
 65501 | Depths:4 | Noticed Xtahua
 65516 | Depths:4 | Killed Xtahua
 65770 | Depths:4 | Found a one-way gate to the infinite horrors of the Abyss.
 66075 | Depths:5 | Entered Level 5 of the Depths
 66467 | Depths:5 | Noticed a juggernaut
 66486 | Depths:5 | Killed a juggernaut
 66486 | Depths:5 | Reached skill level 19 in Fire Magic
 66907 | Depths:5 | Found a gate to the Realm of Zot.
 67439 | Vaults:5 | Entered Level 5 of the Vaults
 67440 | Vaults:5 | Reached XP level 26. HP: 208/208 MP: 37/40
 67711 | Vaults:5 | Reached skill level 20 in Fire Magic
 68044 | Vaults:5 | Noticed an ancient lich
 68044 | Vaults:5 | HP: 10/208 [war gargoyle/morningstar (29)]
 68044 | Vaults:5 | HP: 4/208 [sixfirhy[a deep elf demonologist] (6)]
 68044 | Vaults:5 | Slain by a sixfirhy

Vault maps used:
D:1:      saegor_arrival_simple_a
D:2:      cheibrodos_pilgrimage, guppyfry_early_lair_pool
D:4:      serial_shops, shop, first_ration, minivault_25, uniq_duvessa
D:5:      lemuel_upstairs_altar, minmay_temple_entry_statues_pillars,
          serial_shops, nicolae_shop_stone
D:6:      serial_shops, nicolae_shop_temple_entry_statues_fountains
D:7:      trog_eyes_of_draining
D:8:      erik_lair_dragon
D:9:      serial_shops, shop_coins, nicolae_looking_at_the_future, uniq_maurice
D:10:     uniq_urug, uniq_fannar
D:11:     grunt_tengu_nest
D:12:     minmay_the_grid_square_5x5_4x4, david_orc_3, uniq_azrael
D:14:     david_vaults_1, hex_medium, uniq_josephine
D:15:     grunt_enter_depths_snipers, minmay_misc_feat_nine_boxes,
          lab_entry_generic
Temple:   kilobyte_greek_temple
Lair:1:   grunt_megastairs_3, uniq_joseph
Lair:2:   beast_lair_carwin_large_1, columned_hall_lemuel, grunt_megastairs_1,
          uniq_sonja
Lair:3:   guppyfry_snake_entry_island
Lair:4:   elwin_shoals_entry_rooms, wad_woods_road_04, uniq_nessos
Lair:5:   slime_dummy, infiniplex_staircase_pool_2
Lair:6:   minmay_lair_end_frog_pond
Shoals:1: nicolae_shoals_loop_pool
Shoals:3: st_shoals_ruin, uniq_nikola
Shoals:4: shoals_end_simple, shoal_ilsuiw
Snake:3:  serial_bayou_shore_b
Snake:4:  snake_pit, abandoned_shop, uniq_jorgrun
Slime:2:  nicolae_slime_phagocytosis
Orc:2:    st_orc_elflike, serial_shops, shop_fountains, uniq_saint_roka
Elf:1:    minmay_elf_arrival_plus, hangedman_elf_represent, grunt_ministairs_7,
          nicolae_elf_m_pinch
Elf:2:    serial_shops, nicolae_shop_trees, minivault_13
Elf:3:    minmay_elf_hall_x
Vaults:1: v_alt_pattern_5, hangedman_vaults_nodes, hangedman_vaults_slice,
          v_alt_pattern_6, vaults_room_pools, vaults_standard_mumra_lines,
          nicolae_vaults_three_branches, hangedman_vaults_impose,
          v_alt_pattern_3, nicolae_vaults_little_squares_1,
          ontoclasm_vaults_decontamination, enter_trove_3
Vaults:2: nicolae_vaults_big_ls, v_alt_pattern_2,
          nicolae_vaults_little_squares_4, nicolae_vaults_twisting_passages,
          nicolae_vaults_circle_grid_b, vaults_dpeg_ring,
          vaults_room_grunt_arrival_ludios, ontoclasm_vaults_shuriken, v_misc_1,
          vaults_dpeg_hooks, ontoclasm_vaults_loading_screen,
          nicolae_vaults_angled_halls, uniq_frederick
Vaults:3: nicolae_vaults_triangles, vaults_room_ringed_pool,
          vaults_room_hallway, vaults_dpeg_diagonal,
          nicolae_vaults_circle_grid_a, hangedman_vaults_corner_blocks,
          dummy_crypt_entry, serial_shops, shop
Vaults:4: vaults_mumra_chevron, v_misc_25, vaults_room_grid,
          nicolae_vaults_network_quincunx, vaults_mumra_minichess,
          hangedman_vaults_impose, nicolae_vaults_little_ls,
          hangedman_vaults_stretched_pinwheel, v_misc_25, grunt_vaults_bifocal,
          hangedman_vaults_maws, nicolae_vaults_diagonal_hallway_7, v_misc_29,
          v_alt_pattern_6, nicolae_vaults_border_crossing,
          minmay_guarded_unrand_secular_launcher, serial_shops, shop
Vaults:5: serial_shops
Depths:1: hangedman_geh_valley, hangedman_decor_riveting, pan_entry,
          okawaru_ov_weapons_minmay
Depths:2: minmay_isolated_rectangles_in_corner, minmay_stone_trees_small,
          pf_coc_iceberg, grunt_pan_entry_zigzag, serial_shops, freezing_bzr,
          infiniplex_staircase_pillars_3a
Depths:3: box_level_dp, pan_entry, hell_entry, uniq_mara
Depths:4: minmay_spriggan_fort, enter_ziggurat_e, abyss_entry_crystal,
          kennysheep_nondescript, grunt_hell_entry_dis_mu,
          infiniplex_staircase_pool_1, uniq_jory, uniq_xtahua, uniq_sojobo
Depths:5: evilmike_zot_entry_diamond, minmay_strange_pillars, hell_entry,
          abyss_entry, hangedman_decor_peaks_small, serial_bayou_shore_a
Abyss:3:  dshaligram_kb_abyss_rune_zappy_water_cross,
          hangedman_classic_abyss_death, nicolae_abyss_rune_left_handed,
          evilmike_abyss_rune_tso_outpost
Bazaar:   bazaar_jpeg_circle_rare_1

Skill      XL: |  1  2  3  4  5  6  7  8  9 10 11 12 13 14 15 16 17 18 19 20 21 22 23 24 25 26 |
---------------+-------------------------------------------------------------------------------+-----
Fighting       | 3 4 5 7 8 9 10 11 13 14 15 16 17 | 17.3
Armour         | 2 3 4 5 6 8 9 10 11 13 14 15 16 17 | 17.3
Shields        | 1 2 3 4 5 7 8 9 10 11 12 13 14 15 16 17 18 | 18.1
Axes           | 3 4 5 6 7 8 10 11 12 13 14 15 16 17 | 17.3
Dodging        | 3 4 5 6 7 8 9 11 12 13 14 15 16 17 18 | 18.1
Invocations    | 2 4 5 6 7 9 10 11 12 | 12.5
Fire Magic     | 3 5 7 9 12 14 17 19 20 | 20.5
Spellcasting   | 4 5 7 9 11 13 16 18 19 | 19.2
Charms         | |  3.2

Action                   |  1- 3 |  4- 6 |  7- 9 | 10-12 | 13-15 | 16-18 | 19-21 | 22-24 | 25-27 || total
-------------------------+-------+-------+-------+-------+-------+-------+-------+-------+-------++-------
Melee: Hand axe          |   161 |   227 |    53 |       |       |       |       |       |       ||   441
       Whip              |       |    47 |     7 |       |       |       |       |       |       ||    54
       Long sword        |       |       |   264 |       |       |       |       |       |       ||   264
       War axe           |       |       |   286 |   306 |       |       |       |    57 |     3 ||   652
       Demon trident     |       |       |       |   839 |   765 |       |       |       |       ||  1604
       Broad axe         |       |       |       |    72 |  1104 |  1520 |  1807 |  2074 |   635 ||  7212
       Peck              |       |       |       |       |       |       |       |   240 |   156 ||   396
Throw: Tomahawk          |       |     7 |    40 |    38 |     1 |       |       |       |       ||    86
       Javelin           |       |       |       |     5 |       |       |       |     1 |       ||     6
 Cast: Song of Slaying   |       |       |       |       |     2 |       |       |       |       ||     2
       Ignition          |       |       |       |       |       |       |       |       |    14 ||    14
Invok: Minor Destruction |       |       |       |     6 |       |       |       |       |       ||     6
       Lesser Servant of |       |       |       |       |    12 |    46 |    43 |    18 |    12 ||   131
 Abil: Hop               |     1 |     2 |     3 |     9 |     9 |     1 |     5 |    13 |     1 ||    44
Evoke: Wand              |       |       |       |    17 |     3 |     7 |       |       |       ||    27
  Use: Scroll            |     5 |     3 |     6 |    16 |    14 |     8 |     8 |     9 |     2 ||    71
       Potion            |     1 |     1 |     6 |    10 |     5 |     1 |     6 |    10 |     1 ||    41
 Stab: Distracted        |       |       |       |       |     2 |    10 |    17 |     8 |     4 ||    41
       Petrified         |       |       |       |       |     9 |       |       |       |       ||     9
       Petrifying        |       |       |       |       |     4 |       |       |     1 |       ||     5
  Eat: Chunk             |     3 |    11 |     8 |    12 |    36 |    25 |    26 |    22 |    11 ||   154
       Ration            |       |     1 |     6 |    10 |     2 |     3 |     2 |    10 |     3 ||    37
Armor: Leather armour    |    24 |       |       |       |       |       |       |       |       ||    24
       Plate armour      |    20 |   141 |   272 |   416 |       |       |       |       |       ||   849
       Skin              |       |       |     4 |    13 |       |       |       |       |       ||    17
       Troll leather arm |       |       |       |    25 |   331 |   430 |   283 |   234 |   190 ||  1493
       Acid dragon scale |       |       |       |       |       |       |       |   122 |       ||   122
Dodge: Dodged            |    62 |    31 |    61 |   228 |   825 |  1037 |   709 |   828 |   394 ||  4175
Block: Shield            |    46 |   187 |   153 |       |       |       |       |       |       ||   386
       Reflection        |     1 |    18 |     6 |    45 |    77 |   261 |   116 |   143 |    22 ||   689
       Large shield      |       |       |   325 |  1253 |  2061 |  2200 |  2061 |  2615 |  1071 || 11586
       Rpst.: Long sword |       |       |    11 |       |       |       |       |       |       ||    11

Table legend:
 A = Spawn XP
 B = Non-spawn XP
 C = Spawn XP percentage of total XP
 D = Spawn monster count
 E = Non-spawn monster count
 F = Spawn count percentage of total count
 G = Total turns spent on level
                    A         B        C        D         E        F      G
               +---------+---------+-------+---------+---------+-------+---------
         Total |   36011 | 1163146 |   3.0 |      69 |    2082 |   3.2 | 68044
               +---------+---------+-------+---------+---------+-------+---------
           D:1 |       0 |      41 |   0.0 |       0 |      20 |   0.0 |  1449
           D:2 |       0 |     147 |   0.0 |       0 |      25 |   0.0 |  2866
           D:3 |       0 |      87 |   0.0 |       0 |      16 |   0.0 |  1004
           D:4 |       0 |     749 |   0.0 |       0 |      23 |   0.0 |  1611
           D:5 |       0 |     470 |   0.0 |       0 |      27 |   0.0 |  1236
           D:6 |       0 |     649 |   0.0 |       0 |      13 |   0.0 |  1779
           D:7 |       0 |     891 |   0.0 |       0 |       9 |   0.0 |  2007
           D:8 |       0 |    3768 |   0.0 |       0 |      24 |   0.0 |  3069
           D:9 |       0 |    2764 |   0.0 |       0 |      40 |   0.0 |  2189
          D:10 |       0 |    6501 |   0.0 |       0 |      24 |   0.0 |  2306
          D:11 |       0 |    8124 |   0.0 |       0 |      36 |   0.0 |  1743
          D:12 |       0 |   11742 |   0.0 |       0 |      56 |   0.0 |   949
          D:13 |       0 |   13166 |   0.0 |       0 |      40 |   0.0 |  1107
          D:14 |       0 |   14386 |   0.0 |       0 |      47 |   0.0 |  1219
          D:15 |       0 |   11814 |   0.0 |       0 |      28 |   0.0 |   716
        Lair:1 |       0 |    5213 |   0.0 |       0 |      23 |   0.0 |  2477
        Lair:2 |       0 |    2022 |   0.0 |       0 |      15 |   0.0 |  1207
        Lair:3 |       0 |    3282 |   0.0 |       0 |      17 |   0.0 |  1283
        Lair:4 |       0 |    9438 |   0.0 |       0 |      38 |   0.0 |  1451
        Lair:5 |       0 |   17526 |   0.0 |       0 |      38 |   0.0 |   903
        Lair:6 |       0 |   12673 |   0.0 |       0 |      48 |   0.0 |  1121
      Shoals:1 |       0 |    6580 |   0.0 |       0 |      18 |   0.0 |   787
      Shoals:2 |       0 |    9869 |   0.0 |       0 |      22 |   0.0 |   792
      Shoals:3 |       0 |   26104 |   0.0 |       0 |      50 |   0.0 |   812
      Shoals:4 |       0 |   44424 |   0.0 |       0 |      69 |   0.0 |  1253
       Snake:1 |       0 |   21084 |   0.0 |       0 |      40 |   0.0 |   787
       Snake:2 |       0 |    8437 |   0.0 |       0 |      20 |   0.0 |   633
       Snake:3 |       0 |   22639 |   0.0 |       0 |      46 |   0.0 |  1316
       Snake:4 |       0 |   41696 |   0.0 |       0 |      82 |   0.0 |  1141
       Slime:1 |       0 |    5419 |   0.0 |       0 |      12 |   0.0 |    77
       Slime:2 |       0 |    1772 |   0.0 |       0 |       8 |   0.0 |    57
       Slime:3 |       0 |   24626 |   0.0 |       0 |      32 |   0.0 |   836
       Slime:4 |       0 |   15727 |   0.0 |       0 |      21 |   0.0 |  1335
       Slime:5 |       0 |   35703 |   0.0 |       0 |      36 |   0.0 |   865
         Orc:1 |       0 |    7860 |   0.0 |       0 |      52 |   0.0 |  1188
         Orc:2 |       0 |   17415 |   0.0 |       0 |      72 |   0.0 |  1837
         Elf:1 |       0 |   21001 |   0.0 |       0 |      33 |   0.0 |   806
         Elf:2 |       0 |   47507 |   0.0 |       0 |      67 |   0.0 |  2051
         Elf:3 |       0 |   58091 |   0.0 |       0 |      63 |   0.0 |  1905
      Vaults:1 |       0 |   27477 |   0.0 |       0 |      60 |   0.0 |  1402
      Vaults:2 |       0 |   47681 |   0.0 |       0 |      62 |   0.0 |  1362
      Vaults:3 |       0 |   43688 |   0.0 |       0 |      42 |   0.0 |  1814
      Vaults:4 |       0 |  115473 |   0.0 |       0 |     157 |   0.0 |  2607
      Vaults:5 |       0 |   87964 |   0.0 |       0 |      76 |   0.0 |    34
      Depths:1 |       0 |   54022 |   0.0 |       0 |      62 |   0.0 |  1287
      Depths:2 |       0 |   41176 |   0.0 |       0 |      52 |   0.0 |  1170
      Depths:3 |       0 |   78510 |   0.0 |       0 |      83 |   0.0 |  1991
      Depths:4 |       0 |   65336 |   0.0 |       0 |      82 |   0.0 |  1139
      Depths:5 |       0 |   39689 |   0.0 |       0 |      29 |   0.0 |  1115
       Abyss:3 |   36011 |   20723 |  63.5 |      69 |      27 |  71.9 |  1485
               +---------+---------+-------+---------+---------+-------+---------
